 Dungeon Crawl Stone Soup version 0.21.1-1-g345015fe64 (webtiles) character file.

148735 Htamos the Shatterer (level 16, -2/232 HPs)
             Began as a Minotaur Berserker on July 6, 2018.
             Was a High Priest of Trog.
             Slain by a nagaraja
             ... wielding a +1 spear of freezing
              (4 damage)
             ... on level 4 of the Snake Pit on July 7, 2018.
             The game lasted 01:55:55 (40175 turns).

Htamos the Shatterer (Minotaur Berserker)          Turns: 40175, Time: 01:55:56

Health: -2/232     AC: 28    Str: 31    XL:     16   Next: 94%
Magic:  5/5        EV: -1    Int:  4    God:    Trog [*****.]
Gold:   92         SH:  0    Dex: 20    Spells: 15/15 levels left

rFire    . . .     SeeInvis .   T - +9 great mace (antimagic)
rCold    . . .     Gourm    .   (shield currently unavailable)
rNeg     + + +     Faith    .   (armour currently unavailable)
rPois    +         Spirit   .   (helmet unavailable)
rElec    .         Reflect  .   (cloak currently unavailable)
rCorr    .         Harm     .   (gloves currently unavailable)
MR       +....     NoTele   +   (boots currently unavailable)
Stlth    ++........             U - amulet "Yseruluw" {RegenMP Fragile Str+2 Dex+4}
HPRegen  0.48/turn              n - ring of Fedhas's Favour {rPois EV+1 Dex+4}
MPRegen  0.34/turn              h - +5 ring of slaying

@: tree-form, very slightly contaminated, constricted
A: (retaliatory headbutt), thin skeletal structure 1
a: Berserk, Trog's Hand, Brothers in Arms, Burn Spellbooks, Renounce Religion


You were on level 4 of the Snake Pit.
You worshipped Trog.
Trog was extremely pleased with you.
You were hungry.
You were a tree.
You visited 5 branches of the dungeon, and saw 27 of its levels.
You visited the Abyss 1 time.

You collected 2665 gold pieces.
You spent 2573 gold pieces at shops.

Inventory:

Hand Weapons
 b - a +5 antimagic great mace
 g - a +0 shortbow
 I - a +3 great mace of flaming
 O - a +1 eveningstar of holy wrath
 T - a +9 antimagic great mace (weapon)
Missiles
 u - 234 sling bullets
 M - 640 arrows
Armour
 k - a scarf of repulsion (melded)
 t - a +0 pair of boots (melded)
 A - a +5 plate armour (melded)
 C - a +0 pair of gloves (melded)
Jewellery
 h - a +5 ring of slaying (right branch)
 n - the ring of Fedhas's Favour (left branch) {rPois EV+1 Dex+4}
   (You bought it in a shop on level 1 of the Snake Pit)

   [ring of evasion]

   It affects your evasion (+1).
   It affects your dexterity (+4).
   It protects you from poison.
 o - an uncursed ring of positive energy {unknown}
 q - an uncursed ring of see invisible
 v - an uncursed ring of protection from magic
 w - an uncursed ring of resist corrosion
 D - a +3 ring of strength
 H - a +5 ring of dexterity
 K - an uncursed ring of protection from cold
 R - the amulet "Potwaaby" {+Rage rC- Dex+4 Slay+5, unknown}
   (You took it off a naga sharpshooter on level 4 of the Snake Pit)

   [amulet of rage]

   It affects your dexterity (+4).
   It affects your accuracy and damage with ranged weapons and melee attacks
   (+5).
   It makes you vulnerable to cold.
   It lets you go berserk.
 U - the amulet "Yseruluw" (around neck) {RegenMP Fragile Str+2 Dex+4}
   (You bought it in a shop on level 1 of the Snake Pit)

   [amulet of magic regeneration]

   It increases your magic regeneration.
   It affects your strength (+2).
   It affects your dexterity (+4).
   It will be destroyed if unequipped.
 Y - an uncursed ring of stealth
 Z - an uncursed ring of fire
Wands
 j - a wand of acid (12)
 y - a wand of enslavement (14)
 B - a wand of digging (10)
 J - a wand of iceblast (8)
 L - a wand of paralysis (9)
 Q - a wand of polymorph (18)
 S - a wand of disintegration (16)
Scrolls
 d - a scroll of fear
 i - a scroll of enchant weapon
 p - 12 scrolls of identify
 z - 10 scrolls of teleportation
 E - a scroll of silence
 F - 7 scrolls of remove curse
 V - 3 scrolls of fog
 W - 3 scrolls of blinking
 X - a scroll of summoning
Potions
 a - 4 potions of flight
 e - 3 potions of invisibility
 f - a potion of agility
 l - 3 potions of lignification
 m - 6 potions of curing
 r - 2 potions of haste
 x - 5 potions of ambrosia
 G - a potion of magic
 N - a potion of might
 P - a potion of brilliance
Miscellaneous
 s - a phial of floods
Comestibles
 c - 29 rations


   Skills:
 + Level 17.1 Fighting
 * Level 24.1 Maces & Flails
 + Level 17.4 Armour
 - Level 2.1 Dodging
 - Level 1.2 Evocations


You had 15 spell levels left.
You didn't know any spells.

Dungeon Overview and Level Annotations

Branches:
Dungeon (14/15)            Temple (0/1) D:7            Lair (6/6) D:8
  Swamp (1/4) Lair:4        Snake (4/4) Lair:4        Slime (0/5) Lair:6
    Orc (2/2) D:11            Elf (0/3) Orc:2
 Vaults: D:13-14

Altars:
Dithmenos
Elyvilon
Fedhas
Nemelex Xobeh
Qazlal
Ru
Sif Muna
Trog
The Shining One
Jiyva

Shops:
D:4 [   D:7 *!}   Orc:2 }[*?   Snake:1 }=}   Snake:2 %

Annotations:
Snake:1 exclusion: Roxanne, Roxanne
Snake:3 2 transporters
Snake:4 3 runed doors


Innate Abilities, Weirdness & Mutations

((You reflexively headbutt those who attack you in melee.))
((You have a pair of large horns on your head.))
You have a somewhat thin skeletal structure. (Dex +2, Stealth)
((You can translocate small distances at will.))


Message History

The anaconda bites you but does no damage.
* * * LOW HITPOINT WARNING * * *
The anaconda constricts you.
The nagaraja hits you but does no damage.
You feel better.
The anaconda bites you but does no damage.
The anaconda constricts you.
The nagaraja hits you but does no damage.
The naga sharpshooter casts a spell.
The naga sharpshooter magically shoots a bolt.
The bolt hits you but does no damage. The anaconda bites you!
* * * LOW HITPOINT WARNING * * *
The anaconda constricts you.
The guardian serpent coils itself and waves its upper body at you.
The bolt of poison hits you! You resist.
* * * LOW HITPOINT WARNING * * *
Your deep troll goes berserk!
You feel quite a bit more hungry.
The nagaraja hits you from afar with a spear of freezing.
You die...

##########
#..##....#
##......##
###......##
#....T...##
##.♣S.....###
##.S.......#
###N......#
#####N......#
#..........(#
##..(...(...#
##..(.(N<...##
#.(..((<.(...#
##....)(N...##


You could see a nagaraja, 2 naga sharpshooters, an anaconda, a guardian serpent
and a friendly deep troll (berserk).

Vanquished Creatures
  An ancient lich (Abyss:2)
  Frances (Snake:1)
  Agnes (Snake:1)
  4 nagarajas (Snake:4)
  Aizul (Snake:1)
  Louise (Snake:3)
  Azrael (Snake:1)
  3 dire elephants (Lair:6)
  2 green deaths (Abyss:2)
  Erolcha (D:10)
  16 naga warriors
  4 hydras
  The ghost of Necrophagist the Covert, a journeyman OpAs of Dithmenos (Lair:2)
  8 two-headed ogres
  10 anacondas
  5 shock serpents
  8 naga sharpshooters
  A sun demon (Abyss:2)
  3 orc high priests (Orc:2)
  A spatial maelstrom (Abyss:2)
  A sixfirhy (Abyss:2)
  3 salamander mystics
  7 skeletal warriors
  3 unseen horrors
  9 naga ritualists
  The ghost of JarielCorvus the Thaumaturge, a novice DEFE of Sif Muna (D:8)
  A wizard (D:9)
  6 mana vipers
  3 orc sorcerers (Orc:2)
  7 orc knights
  8 ugly things
  A slime creature (D:13)
  2 cyclopes
  2 deep elf magi
  14 salamanders
  8 elephants (Lair:6)
  Joseph (D:7)
  7 naga magi
  Maurice (D:8)
  A smoke demon (Abyss:2)
  30 black mambas
  8 guardian serpents
  9 spiny frogs
  A torpor snail (Lair:3)
  A kobold demonologist (D:14)
  2 large abominations (Abyss:2)
  11 komodo dragons
  A yaktaur (shapeshifter) (D:13)
  2 rime drakes (D:11)
  2 efreet
  A polar bear (Lair:4)
  A jumping spider (shapeshifter) (D:13)
  6 trolls
  A tengu conjurer (D:13)
  3 tyrant leeches
  A shadow dragon simulacrum (Abyss:2)
  9 blink frogs
  A hornet (D:10)
  Prince Ribbit (D:8)
  A meliai zombie (D:10)
  3 hippogriffs
  2 shadows
  9 starcursed masses (Abyss:2)
  48 yaks
  3 wyverns
  A wraith (D:11)
  3 hogs (D:8)
  2 fire elementals (Snake:1)
  2 basilisks
  A human (D:8)
  4 hungry ghosts
  2 vampire mosquitoes (D:13)
  A chaos spawn (Abyss:2)
  A warg (Orc:2)
  40 nagas
  2 hell hounds (Snake:1)
  6 water moccasins
  3 porcupines
  3 sky beasts
  3 black bears
  22 orc warriors
  5 ice beasts
  2 phantoms
  A necrophage (D:8)
  8 ogres
  11 wolves
  17 centaurs
  13 crocodiles
  2 big kobolds
  11 bullfrogs
  2 gnoll sergeants (D:10)
  2 scorpions
  3 killer bees (D:11)
  3 electric eels (Lair:1)
  2 howler monkeys
  9 crimson imps
  4 bullfrog zombies
  A quasit (Abyss:2)
  3 lava snakes (Lair:5)
  A centaur zombie (D:8)
  6 hounds
  5 centaur skeletons
  14 orc priests
  2 gnoll shamans
  4 jellies
  16 orc wizards
  6 worker ants
  5 iguanas
  A howler monkey zombie (D:11)
  A worker ant zombie (D:10)
  Robin (D:4)
  19 gnolls
  16 adders
  5 shadow imps
  2 oozes
  3 leopard geckos
  94 orcs
  7 giant cockroaches
  11 goblins
  17 hobgoblins
  21 jackals
  13 kobolds
  2 ball pythons
  8 bats
  6 frilled lizards
  A leopard gecko skeleton (D:4)
  5 rats
  3 bushes (Lair:6)
  2 fungi (Lair:5)
  3 plants
811 creatures vanquished.

Vanquished Creatures (collateral kills)
  A shock serpent (Snake:3)
  A naga sharpshooter (Snake:3)
  A naga ritualist (Snake:4)
  A salamander (Snake:3)
  3 nagas (Snake:3)
  A hobgoblin (D:10)
8 creatures vanquished.

Vanquished Creatures (others)
  17 fungi
  7 plants
24 creatures vanquished.

Grand Total: 843 creatures vanquished

Notes
Turn   | Place    | Note
-------+----------+-------------------------------------------
     0 | D:1      | Htamos the Minotaur Berserker began the quest for the Orb.
     0 | D:1      | Reached XP level 1. HP: 19/19 MP: 0/0
   192 | D:1      | Reached skill level 4 in Maces & Flails
   387 | D:1      | Reached XP level 2. HP: 26/26 MP: 1/1
   729 | D:2      | Reached skill level 5 in Maces & Flails
   743 | D:2      | Reached XP level 3. HP: 7/31 MP: 2/2
  1081 | D:2      | Reached skill level 6 in Maces & Flails
  1081 | D:2      | Reached XP level 4. HP: 39/39 MP: 3/3
  1163 | D:2      | Reached ** piety under Trog
  1664 | D:3      | Found a glowing golden altar of the Shining One.
  1667 | D:3      | Found a bloodstained altar of Trog.
  1670 | D:3      | Found a stormy altar of Qazlal.
  1901 | D:2      | Reached skill level 7 in Maces & Flails
  1901 | D:2      | Reached XP level 5. HP: 45/45 MP: 4/4
  2423 | D:4      | Found a sparkling altar of Nemelex Xobeh.
  2497 | D:4      | Reached skill level 8 in Maces & Flails
  2745 | D:4      | Reached XP level 6. HP: 51/51 MP: 5/5
  2784 | D:4      | Found Ineb's Armour Emporium.
  3043 | D:4      | Noticed Robin
  3053 | D:4      | Killed Robin
  3053 | D:4      | Reached *** piety under Trog
  3602 | D:5      | Entered Level 5 of the Dungeon
  3628 | D:5      | Reached skill level 9 in Maces & Flails
  3958 | D:5      | Found a white marble altar of Elyvilon.
  4167 | D:5      | Reached XP level 7. HP: 47/57 MP: 6/6
  4258 | D:5      | Found a shadowy altar of Dithmenos.
  4274 | D:5      | Reached skill level 10 in Maces & Flails
  4540 | D:5      | Noticed a two-headed ogre
  4882 | D:5      | Reached skill level 11 in Maces & Flails
  5158 | D:5      | Killed a two-headed ogre
  5158 | D:5      | Reached skill level 12 in Maces & Flails
  5158 | D:5      | Reached XP level 8. HP: 64/64 MP: 7/7
  6026 | D:6      | Reached skill level 13 in Maces & Flails
  7057 | D:7      | Reached XP level 9. HP: 62/71 MP: 8/8
  7278 | D:7      | Received a gift from Trog
  7503 | D:7      | Noticed Joseph
  7545 | D:7      | Killed Joseph
  7545 | D:7      | Reached skill level 14 in Maces & Flails
  7843 | D:7      | Found a staircase to the Ecumenical Temple.
  7860 | D:7      | Found Qojiall's Assorted Antiques.
  8349 | D:6      | Reached skill level 5 in Armour
  8488 | D:7      | Found Foted's Distillery.
  8496 | D:7      | Bought a potion of heal wounds for 75 gold pieces
  8496 | D:7      | Bought a potion of mutation for 120 gold pieces
  8496 | D:7      | Gained mutation: Your spells are a little easier to cast, but a little less powerful. [potion of mutation]
  8496 | D:7      | Gained mutation: You can translocate small distances at will. [potion of mutation]
  8496 | D:7      | Gained mutation: Your muscles are strong. (Str +2) [potion of mutation]
  8497 | D:7      | Lost mutation: Your muscles are strong. (Str +2) [potion of mutation]
  8497 | D:7      | Lost mutation: Your spells are a little easier to cast, but a little less powerful. [potion of mutation]
  8497 | D:7      | Gained mutation: You have a somewhat thin skeletal structure. (Dex +2, Stealth) [potion of mutation]
  8497 | D:7      | Gained mutation: You have a pair of large horns on your head. [potion of mutation]
  8521 | D:7      | Found a sacrificial altar of Ru.
  8723 | D:7      | Found Rureq's Gadget Shop.
  8726 | D:7      | Bought a wand of disintegration (7) for 132 gold pieces
  8759 | D:7      | Found a blossoming altar of Fedhas.
  8936 | D:8      | Noticed a two-headed ogre
  8937 | D:8      | Noticed JarielCorvus's ghost (novice DEFE)
  9139 | D:7      | Killed a two-headed ogre
  9139 | D:7      | Reached skill level 5 in Fighting
  9618 | D:8      | Noticed a two-headed ogre
  9909 | D:8      | Reached XP level 10. HP: 55/83 MP: 9/9
 10181 | D:8      | Noticed a two-headed ogre
 10190 | D:8      | Killed a two-headed ogre
 10190 | D:8      | Reached skill level 15 in Maces & Flails
 10198 | D:8      | Killed JarielCorvus's ghost
 10311 | D:8      | Reached **** piety under Trog
 10342 | D:8      | Noticed Maurice
 10346 | D:8      | Paralysed by Maurice for 5 turns
 10358 | D:8      | Paralysed by something for 3 turns
 10419 | D:8      | Killed Maurice
 10442 | D:8      | Killed a two-headed ogre
 10675 | D:8      | Noticed Prince Ribbit
 10681 | D:8      | Killed Prince Ribbit
 10688 | D:8      | Found a deep blue altar of Sif Muna.
 10880 | D:8      | Found a staircase to the Lair.
 10955 | D:8      | Reached skill level 16 in Maces & Flails
 11438 | D:9      | Reached XP level 11. HP: 65/94 MP: 8/10
 11757 | D:9      | Noticed a wizard
 11764 | D:9      | Killed a wizard
 11880 | D:9      | Got a crude hunting sling
 12522 | D:10     | Entered Level 10 of the Dungeon
 12535 | D:10     | Noticed Erolcha
 12680 | D:10     | Reached skill level 17 in Maces & Flails
 13056 | D:10     | Killed Erolcha
 13069 | D:10     | Reached ***** piety under Trog
 13260 | D:10     | Noticed a two-headed ogre
 13269 | D:10     | Killed a two-headed ogre
 13623 | D:10     | Noticed an orc knight
 13634 | D:10     | Killed an orc knight
 13769 | D:11     | Found a frozen archway.
 13850 | D:11     | Killed an unseen horror
 13850 | D:11     | Reached skill level 18 in Maces & Flails
 13903 | D:11     | Noticed an eight-headed hydra
 13917 | D:11     | Killed an eight-headed hydra
 13917 | D:11     | Reached skill level 10 in Armour
 13968 | D:11     | Noticed a white ugly thing
 13980 | D:11     | Killed a white ugly thing
 13980 | D:11     | Reached XP level 12. HP: 105/105 MP: 11/11
 14176 | D:11     | Found a staircase to the Orcish Mines.
 14270 | D:11     | Noticed a two-headed ogre
 14279 | D:11     | Killed a two-headed ogre
 14391 | D:10     | Paralysed by a hornet for 1 turns
 14817 | D:11     | Reached skill level 1 in Evocations
 15018 | D:11     | Found Teimups's General Store.
 15096 | D:11     | Reached skill level 10 in Fighting
 15751 | D:12     | Got a faintly glowing steel ring
 16337 | D:13     | Reached skill level 19 in Maces & Flails
 16339 | D:13     | Received a gift from Trog
 17169 | D:13     | Found a runed door.
 17247 | D:13     | Noticed a two-headed ogre
 17255 | D:13     | Killed a two-headed ogre
 17416 | D:13     | Noticed a two-headed ogre
 17423 | D:13     | Killed a two-headed ogre
 17428 | D:13     | Reached XP level 13. HP: 84/115 MP: 12/12
 17636 | D:13     | Found a runed door.
 18020 | D:14     | Found a labyrinth entrance.
 18141 | D:13     | Reached skill level 20 in Maces & Flails
 19639 | Lair:1   | Entered Level 1 of the Lair of Beasts
 19782 | Lair:1   | Identified the ring "Lewn" {rElec rN+ EV+3 Dex-4} (You found it on level 12 of the Dungeon)
 20548 | Lair:1   | Received a gift from Trog
 21061 | Lair:2   | Noticed Necrophagist's ghost (journeyman OpAs)
 21082 | Lair:2   | Killed Necrophagist's ghost
 23610 | Lair:4   | Found a staircase to the Swamp.
 24290 | Lair:4   | Found a staircase to the Snake Pit.
 24624 | Lair:5   | Received a gift from Trog
 24624 | Lair:5   | Reached XP level 14. HP: 113/129 MP: 13/13
 24708 | Lair:5   | Identified a scroll of acquirement
 25163 | Lair:6   | Entered Level 6 of the Lair of Beasts
 25727 | Lair:6   | Found a viscous altar of Jiyva.
 25727 | Lair:6   | Found a staircase to the Slime Pits.
 26203 | Lair:6   | Reached skill level 21 in Maces & Flails
 26879 | Swamp:1  | Entered Level 1 of the Swamp
 27135 | Orc:1    | Entered Level 1 of the Orcish Mines
 27765 | Orc:2    | Entered Level 2 of the Orcish Mines
 27849 | Orc:2    | Received a gift from Trog
 29149 | Orc:2    | Found Ussypn's Magic Scroll Shoppe.
 29149 | Orc:2    | Found Ikhoguok's Gadget Shop.
 29151 | Orc:2    | Found Nugaw's General Store.
 29151 | Orc:2    | Found Gocat's Antique Armour Shop.
 29166 | Orc:2    | Bought a scroll of enchant armour for 90 gold pieces
 29168 | Orc:2    | Bought a scroll of enchant weapon for 105 gold pieces
 29168 | Orc:2    | Bought a scroll of enchant weapon for 105 gold pieces
 29168 | Orc:2    | Bought a scroll of identify for 28 gold pieces
 29168 | Orc:2    | Bought 2 scrolls of blinking for 210 gold pieces
 29168 | Orc:2    | Bought 3 scrolls of identify for 84 gold pieces
 29168 | Orc:2    | Bought a scroll of identify for 28 gold pieces
 29168 | Orc:2    | Bought a scroll of summoning for 133 gold pieces
 29170 | Orc:2    | Bought a scroll of identify for 24 gold pieces
 29170 | Orc:2    | Bought a scroll of identify for 24 gold pieces
 29267 | Orc:2    | Found a staircase to the Elven Halls.
 30023 | Snake:1  | Entered Level 1 of the Snake Pit
 30077 | Snake:1  | Noticed Frances
 30090 | Snake:1  | Killed Frances
 30169 | Snake:1  | Received a gift from Trog
 30303 | Snake:1  | Noticed Azrael
 30314 | Snake:1  | Killed Azrael
 30547 | Snake:1  | Reached XP level 15. HP: 139/139 MP: 4/14
 30625 | Snake:1  | Reached skill level 15 in Armour
 30761 | Snake:1  | Noticed Aizul
 30771 | Snake:1  | Killed Aizul
 31500 | Snake:1  | Reached skill level 22 in Maces & Flails
 31528 | Snake:1  | Noticed Roxanne
 32043 | Snake:1  | Noticed Agnes
 32053 | Snake:1  | Killed Agnes
 32053 | Snake:1  | Reached skill level 15 in Fighting
 32408 | Snake:1  | Found Tefat's Gadget Shoppe.
 32408 | Snake:1  | Found Feesined's Jewellery Boutique.
 32409 | Snake:1  | Found Ycug's Gadget Shoppe.
 32422 | Snake:1  | Bought the ring of Fedhas's Favour {rPois EV+1 Dex+4} for 361 gold pieces
 32422 | Snake:1  | Bought the amulet "Yseruluw" {RegenMP Fragile Str+2 Dex+4} for 704 gold pieces
 33674 | Snake:2  | Found a bloodstained altar of Trog.
 33906 | Snake:2  | Found Dumuttug's Food Boutique.
 33914 | Snake:2  | Bought a ration for 50 gold pieces
 33914 | Snake:2  | Bought a ration for 50 gold pieces
 33914 | Snake:2  | Bought a ration for 50 gold pieces
 33914 | Snake:2  | Bought a ration for 50 gold pieces
 33914 | Snake:2  | Bought a ration for 50 gold pieces
 33914 | Snake:2  | Bought a ration for 50 gold pieces
 33914 | Snake:2  | Bought a ration for 50 gold pieces
 34578 | Snake:3  | Cast into level 2 of the Abyss (salamander)
 34589 | Abyss:2  | Found a shadowy altar of Dithmenos.
 34703 | Abyss:2  | Reached ****** piety under Trog
 34707 | Abyss:2  | Received a gift from Trog
 34985 | Abyss:2  | Noticed an ancient lich
 35000 | Abyss:2  | Killed an ancient lich
 35000 | Abyss:2  | Reached skill level 23 in Maces & Flails
 35010 | Snake:3  | Escaped the Abyss
 35014 | Snake:3  | HP: 6/143 [salamander/trident of distortion (15)]
 35673 | Snake:3  | Reached XP level 16. HP: 145/151 MP: 5/15
 35890 | Snake:3  | Found a transporter.
 36019 | Snake:3  | Noticed Louise
 36027 | Snake:3  | Killed Louise
 37169 | Snake:3  | Found a transporter.
 37241 | Snake:4  | Entered Level 4 of the Snake Pit
 37467 | Snake:4  | Found a runed gate.
 37469 | Snake:4  | Found a runed gate.
 37471 | Snake:4  | Found a runed gate.
 37735 | Snake:4  | Received a gift from Trog
 39670 | Snake:4  | Reached skill level 24 in Maces & Flails
 39922 | Snake:4  | Got a sparkling platinum amulet
 40173 | Snake:4  | HP: 11/232 [anaconda (3)]
 40174 | Snake:4  | HP: 1/232 [guardian serpent/bolt of poison (6)]
 40175 | Snake:4  | Slain by a nagaraja

Skill      XL: |  1  2  3  4  5  6  7  8  9 10 11 12 13 14 15 16 |
---------------+-------------------------------------------------+-----
Maces & Flails | 4 5 6 7 8 9 12 13 14 16 18 19 20 21 23 24 | 24.1
Armour         | 3 6 8 10 11 13 14 16 17 | 17.4
Fighting       | 4 6 8 9 10 13 14 15 17 | 17.1
Evocations     | 1 |  1.2
Dodging        | |  2.1

Action                   |  1- 3 |  4- 6 |  7- 9 | 10-12 | 13-15 | 16-18 || total
-------------------------+-------+-------+-------+-------+-------+-------++-------
Melee: Mace              |    60 |   204 |   319 |    20 |       |       ||   603
       Headbutt          |    13 |    26 |    54 |   128 |   241 |    90 ||   552
       Great mace        |       |       |       |   382 |   781 |   283 ||  1446
       Dire flail        |       |       |       |   166 |   136 |       ||   302
Invok: Berserk           |       |       |     3 |    13 |    12 |    10 ||    38
       Trog's Hand       |       |       |     2 |     1 |     1 |       ||     4
       Brothers in Arms  |       |       |       |     3 |       |     5 ||     8
       Burn Spellbooks   |       |       |       |     1 |     3 |       ||     4
Evoke: Wand              |       |       |       |     7 |       |       ||     7
       Box of beasts     |       |       |       |     1 |       |       ||     1
  Use: Scroll            |       |       |    12 |    14 |    25 |     5 ||    56
       Potion            |       |       |     4 |     3 |    12 |     5 ||    24
  Eat: Chunk             |     1 |     9 |    14 |    32 |    32 |     4 ||    92
       Ration            |       |       |     2 |     2 |    11 |     6 ||    21
Armor: Animal skin       |    24 |    15 |       |       |       |       ||    39
       Ring mail         |       |    34 |    10 |       |       |       ||    44
       Chain mail        |       |       |    16 |       |       |       ||    16
       Skin              |       |       |    15 |    20 |       |     7 ||    42
       Plate armour      |       |       |    85 |   265 |   362 |   177 ||   889
Dodge: Dodged            |    44 |   119 |    77 |   180 |   242 |   137 ||   799
       Deflected         |       |     1 |    11 |    31 |    17 |    60 ||   120
